Map: Automaton LE

Players

Piroxiljin - Winner!

  • Race: Terran Terran
  • Spawn Location: 9:00

A.I. 1 (Hard)

  • Race: Protoss Protoss
  • Spawn Location: 3:00

VOD

Have the link to the VOD?

Description

Time

  • Played on: Jan. 28, 2019, 10:13 a.m.
  • Length: 22:11
Show
View Real Time Build Order
Export as new Build Order

Piroxiljin Terran - Winner!

Build Orders:  

Get SALT Encoding   

  12  0:01  SCV  
  13  0:14  SCV  
  14  0:22  Supply Depot  
  14  0:26  SCV  
  15  0:43  SCV  
  15  0:49  Barracks  
  16  0:55  SCV  
  17  1:00  Refinery  
  17  1:08  SCV  
  18  1:17  Barracks  
  18  1:21  SCV  
  19  1:33  SCV  
  19  1:39  Supply Depot  
  20  1:45  Barracks Reactor  
  20  1:57  Orbital Command  
  20  2:09  Refinery  
  20  2:16  Barracks Reactor  
  20  2:25  Marine x2  
  22  2:34  Supply Depot  
  22  2:36  SCV, Supply Depot  
  23  2:38  Supply Depot  
  23  2:48  SCV  
  24  2:52  Barracks  
  24  3:14  Marine x2  
  24  3:16  Marine x2  
  28  3:25  Factory  
  28  3:33  SCV, Engineering Bay  
  29  3:45  Barracks Tech Lab  
  29  4:17  Command Center  
  29  4:35  Factory  
  29  4:36  SCV  
  30  4:38  Barracks Tech Lab, Terran Infantry Weapons Level 1  
  30  4:45  Engineering Bay  
  30  4:48  SCV  
  31  4:54  Missile Turret  
  31  5:00  SCV  
  31  5:02  Marauder  
  31  5:03  Concussive Shells  
  31  5:05  Marine x2  
  31  5:06  Marine  
  37  5:12  SCV  
  38  5:24  SCV  
  38  5:27  Missile Turret  
  39  5:32  Cyclone  
  42  5:39  Widow Mine  
  44  5:54  Factory  
  44  5:57  Terran Infantry Armor Level 1  
  44  6:04  Cyclone  
  47  6:28  Orbital Command  
  47  6:34  SCV  
  48  6:44  Supply Depot  
  48  6:45  Supply Depot  
  48  6:46  SCV, Supply Depot  
  49  6:48  Cyclone  
  49  6:53  Cyclone  
  54  7:03  Barracks Tech Lab  
  54  7:13  Missile Turret  
  54  7:20  Cyclone  
  57  7:25  Cyclone  
  60  7:39  Mag-Field Accelerator  
  60  7:49  Barracks Tech Lab  
  60  7:52  Cyclone  
  60  7:53  SCV  
  60  7:57  Cyclone  
  67  7:58  Refinery  
  67  7:59  Refinery  
  67  8:06  SCV, Missile Turret  
  68  8:18  SCV  
  69  8:23  Missile Turret  
  69  8:24  Cyclone  
  69  8:26  Missile Turret x2  
  72  8:27  Missile Turret  
  72  8:33  Hi-Sec Auto Tracking  
  72  8:34  Armory  
  72  8:47  Armory  
  72  8:51  Missile Turret  
  72  8:55  Widow Mine  
  74  8:56  Widow Mine  
  74  9:01  Cyclone  
  79  9:10  SCV  
  80  9:22  Factory, SCV  
  81  9:34  SCV  
  82  9:47  SCV  
  83  10:08  Missile Turret  
  83  10:20  Thor  
  89  10:21  Cyclone  
  92  10:30  Supply Depot  
  92  10:32  Supply Depot x2  
  92  10:33  Supply Depot  
  92  10:34  Supply Depot  
  92  10:51  Thor  
  92  10:53  Cyclone, Terran Vehicle Weapons Level 1  
  92  10:56  Terran Vehicle And Ship Armor Level 1  
  101  10:59  Marine  
  101  11:01  Marauder  
  101  11:03  Siege Tank  
  94  11:25  Cyclone  
  94  11:27  Missile Turret  
  97  11:38  Cyclone x2  
  103  11:44  SCV  
  104  11:48  Missile Turret  
  104  11:49  Factory Tech Lab  
  104  11:58  Cyclone  
  107  12:15  Combat Shield  
  107  12:29  SCV  
  108  12:33  Hellion  
  110  12:41  SCV  
  110  12:42  Starport  
  111  12:49  Cyclone x2  
  117  12:54  Hellion  
  117  12:57  Terran Infantry Weapons Level 2  
  119  13:02  Terran Vehicle Weapons Level 2  
  119  13:03  Terran Vehicle And Ship Armor Level 2  
  119  13:07  Thor  
  125  13:23  Supply Depot x2  
  125  13:26  Supply Depot  
  125  13:45  Raven, Barracks Tech Lab  
  127  14:17  Command Center  
  127  14:20  Marine x2  
  127  14:23  Cyclone  
  132  14:28  Viking  
  134  14:38  Corvid Reactor  
  134  14:44  Starport  
  133  14:58  Viking  
  120  15:13  Thor x2  
  132  15:14  Cyclone  
  135  15:28  Medivac  
  132  15:58  Raven  
  128  16:41  Medivac, Thor x2  
  128  16:42  Siege Tank  
  129  17:21  Cyclone x2  
  126  17:35  SCV  
  124  17:42  Refinery  
  124  17:46  Refinery  
  124  17:47  SCV  
  118  17:59  SCV  
  118  18:11  SCV  
  114  19:33  Cyclone x2, Siege Tank x2  
Show
View Real Time Build Order
Export as new Build Order

A.I. 1 (Hard) Protoss 

Build Orders: Nexus First, Phoenix Opening 

Get SALT Encoding   

  12  0:00  Probe  
  13  0:13  Probe  
  14  0:21  Pylon  
  14  0:25  Probe  
  15  0:35  Probe  
  16  0:59  Nexus  
  16  1:03  Probe  
  16  1:06  Assimilator  
  17  1:17  Probe  
  17  1:20  Gateway  
  18  1:27  Assimilator  
  18  1:29  Probe  
  19  1:40  Pylon  
  19  1:42  Probe  
  20  1:54  Probe  
  21  2:02  Probe  
  22  2:11  Cybernetics Core, Probe  
  23  2:19  Probe  
  24  2:31  Probe  
  25  2:44  Probe  
  25  2:45  Pylon  
  25  2:50  Stargate  
  26  2:52  Stargate  
  26  3:26  Phoenix  
  26  3:39  Void Ray  
  26  3:40  Phoenix  
  30  3:41  Forge  
  34  4:06  Robotics Facility  
  34  4:22  Phoenix  
  36  4:41  Phoenix  
  38  4:47  Warp Prism  
  40  6:16  Void Ray  
  40  6:28  Assimilator, Protoss Air Weapons Level 1, Probe  
  40  6:29  Probe  
  40  6:30  Stargate  
  40  6:31  Photon Cannon  
  46  6:34  Photon Cannon  
  46  6:37  Pylon  
  46  6:38  Pylon  
  45  6:40  Probe  
  45  6:41  Gateway, Probe  
  45  6:44  Gateway  
  47  6:47  Forge  
  47  6:49  Assimilator, Void Ray  
  47  6:52  Probe  
  47  6:53  Probe  
  53  6:58  Photon Cannon  
  53  7:03  Photon Cannon  
  53  7:04  Probe  
  53  7:05  Probe  
  55  7:10  Void Ray  
  55  7:12  Probe  
  59  7:17  Probe  
  59  7:20  Probe  
  61  7:27  Observer  
  61  7:28  Pylon  
  62  7:30  Probe x2  
  62  7:31  Void Ray  
  68  7:42  Probe  
  69  7:44  Observer  
  69  7:45  Probe  
  69  7:48  Pylon  
  69  7:49  Twilight Council  
  71  7:54  Probe  
  71  7:57  Probe  
  73  8:04  Protoss Air Armor Level 1  
  73  8:06  Probe  
  73  8:08  Probe  
  74  8:16  Probe  
  74  8:18  Probe  
  75  8:24  Pylon, Probe  
  75  8:27  Probe  
  78  8:35  Probe x2  
  80  8:47  Probe  
  80  8:48  Probe  
  82  8:59  Probe  
  83  10:30  Warp Prism  
  83  10:44  Robotics Facility  
  83  10:47  Fleet Beacon  
  83  10:49  Robotics Bay  
  85  10:53  Stargate, Nexus  
  85  10:56  Protoss Shields Level 1  
  85  10:59  Pylon  
  85  11:06  Warp Prism  
  79  11:11  Phoenix  
  65  11:22  Void Ray  
  60  11:26  Protoss Air Armor Level 2  
  60  11:31  Observer  
  65  11:33  Anion Pulse-Crystals  
  65  11:36  Gravitic Boosters  
  65  11:42  Observer  
  65  11:47  Tempest  
  71  12:02  Void Ray  
  71  12:06  Probe  
  71  12:08  Probe  
  77  12:09  Probe  
  77  12:13  Assimilator  
  78  12:17  Void Ray  
  78  12:18  Probe, Pylon  
  78  12:19  Pylon, Probe  
  78  12:22  Probe  
  85  12:23  Assimilator  
  85  12:27  Probe  
  85  12:29  Protoss Shields Level 2, Tempest, Observer  
  85  12:30  Probe  
  85  12:34  Gravitic Drive, Probe  
  93  12:42  Photon Cannon  
  93  12:44  Photon Cannon  
  93  12:47  Tempest  
  98  12:52  Templar Archives  
  98  12:57  Dark Shrine  
  98  13:18  Protoss Air Weapons Level 2  
  98  13:23  Observer  
  98  14:18  Observer  
  98  14:23  Stalker  
  98  14:33  Oracle  
  98  14:37  Stalker  
  105  14:40  Pylon  
  105  14:41  Stalker  
  105  14:45  Nexus  
  107  14:46  Phoenix  
  107  14:49  Protoss Shields Level 3  
  109  14:52  Stalker  
  105  15:02  Pylon  
  105  15:05  Void Ray  
  91  15:07  Stalker  
  91  15:11  Stalker  
  90  15:14  Void Ray  
  90  15:15  Blink  
  90  15:18  Phoenix  
  96  15:23  Stalker  
  96  15:25  Protoss Air Armor Level 3  
  96  15:26  Observer  
  93  15:33  Observer  
  95  15:37  Stalker  
  95  15:41  Stalker  
  99  15:45  Oracle  
  101  15:53  Stalker  
  95  15:59  Void Ray  
  95  16:02  Void Ray  
  89  16:06  Immortal, Zealot  
  89  16:10  Zealot  
  89  16:11  Nexus  
  91  16:17  Void Ray  
  96  16:23  Zealot  
  96  16:24  Void Ray  
  100  16:31  Stalker  
  88  16:33  Immortal  
  88  16:36  Immortal, Photon Cannon  
  88  16:37  Zealot  
  92  16:41  Pylon  
  92  16:46  Probe  
  86  16:48  Probe  
  86  16:50  Stalker  
  82  16:58  Probe  
  82  17:00  Probe  
  82  17:01  Stalker  
  68  17:04  Stalker  
  58  17:10  Probe  
  58  17:12  Probe  
  53  17:20  Stalker  
  53  17:22  Probe  
  49  17:24  Probe x2  
  47  17:31  Stalker  
  47  17:34  Stalker, Probe  
  47  17:36  Assimilator  
  47  17:37  Probe  
  47  17:38  Probe  
  47  17:40  Assimilator  
  45  17:45  Warp Prism  
  45  17:47  Probe  
  45  17:49  Probe  
  45  17:50  Stalker  
  45  17:51  Probe  
  44  17:56  Probe  
  41  18:01  Probe  
  41  18:03  Probe  
  41  18:04  Stalker, Nexus, Probe  
  42  18:07  Assimilator  
  42  18:08  Zealot  
  42  18:13  Probe, Zealot  
  42  18:15  Probe  
  37  18:25  Probe  
  35  18:27  Probe  
  35  18:31  Zealot  
  32  18:34  Stalker  
  32  18:37  Probe, Zealot  
  32  18:39  Probe  
  33  18:51  Zealot  
  33  18:52  Probe  
  33  18:53  Probe  
  27  18:58  Warp Prism  
  27  19:04  Stalker, Probe  
  20  19:10  Zealot  
  20  19:16  Nexus, Probe x2  
  19  19:22  Pylon  
  17  19:30  Assimilator  
  7  20:26  Pylon  
  7  20:29  Probe  
  7  20:41  Probe  
  6  20:47  Probe  
  6  20:53  Probe  
  5  21:05  Probe  
  3  21:14  Probe  
Tags
 
Add a new tag
Caveats
  • Supply blocks, unpowered buildings, or Contaminate may cause inaccurate times.
  • Supply counts are checked every 10 seconds.